 Dungeon Crawl Stone Soup version 0.30.1 (webtiles) character file.

Game seed: 15229143449147722186

19 Gorgoleon the Ogre Mage (level 2, 26/26 HPs)
             Began as an Ogre Hedge Wizard on July 14, 2023.
             Quit the game on level 1 of the Dungeon.
             The game lasted 00:03:51 (898 turns).

Gorgoleon the Ogre Mage (Ogre Hedge Wizard)          Turns: 898, Time: 00:03:51

Health: 26/26      AC:  3    Str: 13    XL:     2   Next: 75%
Magic:  7/7        EV:  9    Int: 15    God:
Gold:   43         SH:  0    Dex:  8    Spells: 6/10 levels left

rFire   . . .        f - +2 dagger (speed)
rCold   . . .        (no shield)
rNeg    . . .        b - +0 robe
rPois   .            c - +0 hat
rElec   .            (no cloak)
rCorr   .            (gloves unavailable)
SInv    .            (boots unavailable)
Will    .....        (no amulet)
Stlth   +            (no ring)
HPRegen 0.24/turn    (no ring)
MPRegen 0.10/turn

%: no passive effects
@: no status effects
A: large, unfitting armour, tough skin 1
a: no special abilities


You were on level 1 of the Dungeon.
You visited 1 branch of the dungeon, and saw 1 of its levels.

You collected 43 gold pieces.

Inventory:

Hand Weapons
 f - a +2 dagger of speed (weapon)
Missiles
 g - 24 stones
 i - 4 boomerangs
Armour
 b - a +0 robe (worn)
 c - a +0 hat (worn)
Jewellery
 e - an amulet of faith
Scrolls
 h - a scroll of fear {unknown}
 j - a scroll of teleportation {unknown}
 k - a scroll of identify {unknown}
Potions
 a - a potion of mutation {unknown}
 d - a potion of magic


   Skills:
 + Level 0.6 Fighting
 - Level 1.7 Dodging
 - Level 1.4 Stealth
 + Level 4.5 Spellcasting
 - Level 0.8 Conjurations
 - Level 0.8 Summonings
 - Level 0.8 Translocations


You had 6 spell levels left.
You knew the following spells:

 Your Spells              Type           Power      Damage    Failure   Level
a - Magic Dart            Conj           20%        1d4       12%         1
b - Slow                  Hex            12%        N/A       17%         1
c - Call Imp              Summ           10%        N/A       19%         2

Your spell library contained the following spells:

 Spells                   Type           Power      Damage    Failure   Level
 Blink                    Tloc           10%        N/A       19%         2
 Cigotuvi's Dreadful Rot  Necr/Pois/Air  6%         N/A       26%         2
 Mephitic Cloud           Conj/Pois/Air  4%         N/A       41%         3


Dungeon Overview and Level Annotations

Branches:
Dungeon (1/15)

Altars:


Innate Abilities, Weirdness & Mutations

You are too large for most types of armour.
You have tough skin. (AC +1)


Message History

Casting: Magic Dart (safe; 12% risk of failure)
Confirm with . or Enter, or press ? or * to list all spells.
Aiming: Magic Dart (safe; 12% risk of failure)
Press: ? - help, Shift-Dir - straight line, f/p - quokka
Aim: a quokka (100% to hit)
The magic dart hits the quokka.
The quokka is moderately wounded.
Casting: Magic Dart (safe; 12% risk of failure)
Confirm with . or Enter, or press ? or * to list all spells.
Aiming: Magic Dart (safe; 12% risk of failure)
Press: ? - help, Shift-Dir - straight line, f/p - quokka
Aim: a quokka (moderately wounded, 100% to hit)
The magic dart hits the quokka.
The quokka is severely wounded.
The quokka bites you.
Casting: Magic Dart (safe; 12% risk of failure)
Confirm with . or Enter, or press ? or * to list all spells.
Aiming: Magic Dart (safe; 12% risk of failure)
Press: ? - help, Shift-Dir - straight line, f/p - quokka
Aim: a quokka (severely wounded, 100% to hit)
The magic dart hits the quokka.
You kill the quokka!
Your magical contamination has completely faded away.
Magic restored.
There is a stone staircase leading down here.
You now have 43 gold pieces (gained 11).
j - a scroll labelled SUMU GYFA AMP
k - a scroll labelled MIRREY ZITA A frilled lizard comes into view.
Memorise Slow, consuming 1 spell level and leaving 8?
You start memorising the spell.
You continue memorising.
You finish memorising.
Spell assigned to 'b'.
Memorise Call Imp, consuming 2 spell levels and leaving 6?
You start memorising the spell.
You continue memorising. x2
You finish memorising.
Spell assigned to 'c'.
You're too inexperienced to learn that spell!
Okay, then.
Unknown command.
Unknown command.
Are you sure you want to abandon this character and quit the game? (Confirm with "yes".)

#.####.#.##....
#......#.##....
########.####.. #.# ### ###
##.## ..# #...## #.# #.#..#
..#.####.## #....####
.......@..# ####.....
..#.####..# #####. #.####..#
#. #.......# ##. ....
#######.### #.. ...#
#......#### #..
#..#######.##......# #..
###..#.......##......# #).
#....#.......##......#######..


There were no monsters in sight!

Vanquished Creatures
  4 ball pythons (D:1)
  An endoplasm (D:1)
  A giant cockroach (D:1)
  3 quokkas (D:1)
  3 bats (D:1)
  A frilled lizard (D:1)
  3 kobolds (D:1)
  4 rats (D:1)
20 creatures vanquished.

Notes
Turn   | Place    | Note
-------+----------+-------------------------------------------
     0 | D:1      | Gorgoleon the Ogre Hedge Wizard began the quest for the
                  | Orb.
     0 | D:1      | Reached XP level 1. HP: 16/16 MP: 5/5
   164 | D:1      | Reached skill level 4 in Spellcasting
   259 | D:1      | Reached XP level 2. HP: 21/24 MP: 7/7
   895 | D:1      | Learned a level 1 spell: Slow
   898 | D:1      | Learned a level 2 spell: Call Imp
   898 | D:1      | Quit the game

Illustrated notes

Levels and vault maps discovered:
D:1:      amcnicky_arrival_single_pillar, layout_loops_cross

Skill      XL: |  1 |
---------------+----+-----
Spellcasting   | 4 |  4.5
Fighting       | |  0.6
Dodging        | |  1.7
Stealth        | |  1.4
Conjurations   | |  0.8
Summonings     | |  0.8
Translocations | |  0.8

Action                     || total
---------------------------++-------
  Melee: Dagger            ||    62
         Punch             ||     1
   Cast: Magic Dart        ||    11
   Stab: Sleeping          ||     1
 Armour: Robe              ||    20
  Dodge: Dodged            ||    22
